 Dungeon Crawl Stone Soup version 0.24-a0-160-gfa3a8d6 (webtiles) character file.

Game seed: 4643096171200785124

228 galech the Chopper (level 5, 0/42 HPs)
             Began as a Demonspawn Fighter on Mar 5, 2019.
             Succumbed to an orc's poison
             ... on level 3 of the Dungeon.
             The game lasted 00:03:40 (2700 turns).

galech the Chopper (Demonspawn Fighter)             Turns: 2700, Time: 00:03:41

Health: 0/42       AC:  9    Str: 18      XL:     5   Next: 71%
Magic:  4/4        EV: 12    Int: 14 (15) God:
Gold:   74         SH:  9    Dex: 18      Spells: 4/4 levels left

rFire    . . .     SeeInvis .   a - +0 war axe
rCold    . . .     Gourm    .   c - +0 shield
rNeg     . . .     Faith    .   b - +0 scale mail
rPois    .         Spirit   .   s - +0 helmet
rElec    .         Reflect  .   (no cloak)
rCorr    .         Harm     .   r - +0 pair of gloves
MR       .....                  (no boots)
Stlth    +.........             (no amulet)
HPRegen  0.14/turn              (no ring)
MPRegen  0.09/turn              (no ring)

@: brilliant, agile, lethally poisoned (0 -> -1)
A: blurry vision 1, low mp 1, strong 1, rot immunity, MP-powered wands
a: no special abilities


You were on level 3 of the Dungeon.
You were not hungry.

You visited 1 branch of the dungeon, and saw 3 of its levels.

You collected 74 gold pieces.

Inventory:

Hand Weapons
 a - a +0 war axe (weapon)
Armour
 b - a +0 scale mail (worn)
 c - a +0 shield (worn)
 r - a +0 pair of gloves (worn)
 s - a +0 helmet (worn)
Scrolls
 d - a scroll of teleportation {unknown}
 e - a scroll of fog {unknown}
 g - 2 scrolls of identify {unknown}
 h - a scroll of random uselessness {unknown}
 i - a scroll of enchant armour {unknown}
 k - 2 scrolls of fear {unknown}
 o - a scroll of remove curse
 u - a scroll of enchant weapon {unknown}
 v - 3 scrolls of amnesia {unknown}
Potions
 l - 2 potions of agility
 m - a potion of haste
Comestibles
 f - 6 rations
 q - 5 chunks of flesh


   Skills:
 + Level 3.6 Fighting
 + Level 3.9 Axes
 + Level 3.3 Armour
 + Level 0.8 Dodging
 + Level 0.1 Stealth
 + Level 3.5 Shields


You had 4 spell levels left.
You didn't know any spells.
Your spell library was empty.

Dungeon Overview and Level Annotations

Branches:
Dungeon (3/15)

Altars:


Innate Abilities, Weirdness & Mutations

You are immune to rotting.
Scrolls take you a little longer to read.
Your magical capacity is low. (-10% MP)
Your muscles are strong. (Str +2)
You expend magic power (3 MP) to strengthen your wands.


Message History

You see here a cursed -3 club.
* * * LOW HITPOINT WARNING * * *
You feel sick.
* * * LOW HITPOINT WARNING * * *
You feel sick.
You see here a stone.
You see here a stone.
* * * LOW HITPOINT WARNING * * *
You feel sick.
Your extra speed is starting to run out.
* * * LOW HITPOINT WARNING * * *
You feel sick.
There is a stone staircase leading up here.
There is a lethal amount of poison in your body!
There is a lethal amount of poison in your body!
You feel yourself slow down.
* * * LOW HITPOINT WARNING * * *
You feel sick.
Unknown command.
You die...

#.##.. ###.####
#....) #......#
###... #.#.##.#
#... #.#.##.# #...
#...##.# #...
##..###.#######...
#.....#.#...((...)
#@..#.............
#.#...###.........
#.#รท..#
#######... #.##..#
#... #.##..# #...
......# #...
.###..# #... .
...# ...#


There were no monsters in sight!

Vanquished Creatures
  An orc priest (D:3)
  Jessica (D:2)
  Terence (D:2)
  2 orc wizards (D:3)
  Robin (D:2)
  A worm (D:3)
  A dart slug (D:1)
  3 leopard geckos
  An orc (D:3)
  2 giant cockroaches (D:2)
  12 goblins
  7 hobgoblins
  12 jackals
  7 kobolds
  2 ball pythons
  6 bats
  A frilled lizard (D:1)
  5 rats
66 creatures vanquished.

Vanquished Creatures (others)
  An orc wizard (D:3)
1 creature vanquished.

Grand Total: 67 creatures vanquished

Notes
Turn   | Place    | Note
-------+----------+-------------------------------------------
     0 | D:1      | galech the Demonspawn Fighter began the quest for the Orb.
     0 | D:1      | Reached XP level 1. HP: 18/18 MP: 1/1
   248 | D:1      | Gained mutation: You are immune to rotting. [demonic
                  | ancestry]
   248 | D:1      | Reached XP level 2. HP: 18/24 MP: 2/2
  1096 | D:2      | Reached XP level 3. HP: 29/29 MP: 3/3
  1256 | D:2      | Noticed Robin
  1776 | D:2      | Killed Robin
  1839 | D:2      | Reached XP level 4. HP: 25/35 MP: 4/4
  1918 | D:2      | Noticed Terence
  1994 | D:2      | Killed Terence
  2087 | D:2      | Noticed Jessica
  2092 | D:2      | Killed Jessica
  2606 | D:3      | Reached XP level 5. HP: 40/41 MP: 5/5
  2640 | D:3      | HP: 2/41 [orc wizard/+1 dagger of electrocution (15)]
  2644 | D:3      | Gained mutation: Scrolls take you a little longer to read.
                  | [potion of mutation]
  2644 | D:3      | Gained mutation: Your magical capacity is low. (-10% MP)
                  | [potion of mutation]
  2644 | D:3      | Gained mutation: Your muscles are strong. (Str +2) [potion
                  | of mutation]
  2644 | D:3      | Gained mutation: You expend magic power (3 MP) to
                  | strengthen your wands. [potion of mutation]
  2681 | D:3      | HP: 2/42 [poisoned by an orc]
  2690 | D:3      | HP: 1/42 [poisoned by an orc]
  2696 | D:3      | HP: 1/42 [poisoned by an orc]
  2700 | D:3      | Succumbed to an orc's poison

Levels and vault maps discovered:
D:1:      dpeg_arrival_three_bigger_balls, layout_basic
D:2:      layout_loops_cross, first_ration, serial_bayou_lagoon_b, uniq_jessica,
          uniq_robin, uniq_terence
D:3:      layout_loops_cross

Skill      XL: |  1  2  3  4 |
---------------+-------------+-----
Shields        | 3 |  3.5
Axes           | 2 3 |  3.9
Armour         | 3 |  3.3
Fighting       | |  3.6
Dodging        | |  0.8
Stealth        | |  0.1

Action                   |  1- 3 |  4- 6 || total
-------------------------+-------+-------++-------
Melee: War axe           |   146 |    71 ||   217
       Unarmed           |       |    14 ||    14
  Use: Scroll            |     1 |       ||     1
       Potion            |       |     7 ||     7
  Eat: Chunk             |     3 |     3 ||     6
Armor: Scale mail        |    89 |    50 ||   139
Dodge: Dodged            |    53 |    44 ||    97
Block: Shield            |   101 |    52 ||   153

Table legend:
 A = Non-vault XP
 B = Vault XP
 C = Vault XP percentage of total XP
 D = Non-vault monster count
 E = Vault monster count
 F = Vault count percentage of total count
                 A         B        C        D         E       F
            +---------+---------+-------+---------+---------+-------
      Total |     221 |     106 |  32.4 |      54 |      13 |  19.4
            +---------+---------+-------+---------+---------+-------
        D:1 |      39 |       2 |   4.9 |      22 |       1 |   4.3
        D:2 |      42 |     104 |  71.2 |      23 |      12 |  34.3
        D:3 |     140 |       0 |   0.0 |       9 |       0 |   0.0
            +---------+---------+-------+---------+---------+-------
